 Dungeon Crawl Stone Soup version 0.20.1-1-g8b1a95d (webtiles) character file.

40066 letownia2 the Cleaver (level 13, -10/171 HPs)
             Began as a Deep Dwarf Necromancer on Dec 1, 2017.
             Was an Initiate of Gozag.
             Mangled by a white very ugly thing (43 damage)
             ... on level 2 of the Abyss.
             The game lasted 01:14:23 (17321 turns).

letownia2 the Cleaver (Deep Dwarf Necromancer)     Turns: 17321, Time: 01:14:25

Health: -10/171    AC: 26    Str: 23    XL:     13   Next: 72%
Magic:  26/26      EV:  2    Int: 22    God:    Gozag
Gold:   2593       SH:  8    Dex: 13    Spells: 18/31 levels left

rFire    + . .     SeeInvis .   b - +1 broad axe (flame)
rCold    . . .     Gourm    .   (no shield)
rNeg     + + +     Faith    .   (armour currently unavailable)
rPois    +         Spirit   .   (helmet currently unavailable)
rElec    .         Reflect  +   (cloak currently unavailable)
rCorr    .         Harm     .   (gloves currently unavailable)
MR       +....     NoTele   +   (boots currently unavailable)
Stlth    +.........             k - brooch of Shielding {Reflect SH+8}
Regen    0.0/turn               A - ring "Pelun" {+Inv rF+ rC+ rN+}
MPRegen  0.2/turn               L - ring "Hoitas" {rPois rC- Str+7 Slay+6 Stlth-}

@: brilliant, tree-form, berserk cooldown, non-regenerating, hasted and slowed
A: damage resistance, heal wounds, sense surroundings 2, no regeneration
a: Heal Wounds, Potion Petition, Call Merchant, Bribe Branch, Renounce Religion,
Evoke Invisibility


You were on level 2 of the Abyss.
You worshipped Gozag.
Gozag was most pleased with you.
You were not hungry.
You were a tree.
You visited 3 branches of the dungeon, and saw 19 of its levels.
You visited the Abyss 1 time.
You also visited: Volcano.

You collected 3763 gold pieces.
You spent 624 gold pieces at shops.
You paid 546 gold pieces to Gozag.

Inventory:

Hand Weapons
 a - the +5 hand axe "Jelly's Death Toll" {venom, Stlth+}
   (You found it on level 3 of the Lair of Beasts)

   It poisons the flesh of those it strikes.
   It makes you more stealthy.
 b - a +1 broad axe of flaming (weapon)
 c - a +0 blowgun
 D - a +2 trident of flaming
 T - a +1 battleaxe of flaming
Missiles
 I - 16 curare-tipped needles
 N - a throwing net
 Q - 3 javelins (quivered)
Armour
 i - a +1 plate armour of fire resistance
 m - a +2 pair of gloves (melded)
 q - a +0 helmet (melded)
 w - a +1 cloak (melded)
 B - a +2 pair of boots (melded)
 S - the +3 ring mail of the Gloaming (melded) {*Contam Dex+7}
   (You found it on level 2 of the Abyss)

   It affects your dexterity (+7).
   It causes magical contamination when unequipped.
Magical Staves
 o - an uncursed staff of cold
Jewellery
 k - the brooch of Shielding (around neck) {Reflect SH+8}
   (You found it on level 5 of the Dungeon)

   [amulet of reflection]

   It shields you and reflects attacks.
   It affects your SH (+8).
 l - an uncursed ring of see invisible
 p - an uncursed ring of ice
 A - the ring "Pelun" (left branch) {+Inv rF+ rC+ rN+}
   (You bought it in a shop on level 2 of the Lair of Beasts)

   [ring of positive energy]

   It protects you from fire.
   It protects you from cold.
   It protects you from negative energy.
   It lets you turn invisible.
 L - the ring "Hoitas" (right branch) {rPois rC- Str+7 Slay+6 Stlth-}
   (You found it on level 7 of the Dungeon)

   [ring of poison resistance]

   It affects your strength (+7).
   It affects your accuracy and damage with ranged weapons and melee attacks
   (+6).
   It makes you vulnerable to cold.
   It protects you from poison.
   It makes you less stealthy.
 X - an uncursed ring of resist corrosion
Wands
 g - a wand of paralysis (1/24)
 r - a wand of clouds (4/9)
 s - a wand of flame (16/48)
 E - a wand of polymorph (17/24)
 O - a wand of acid (1/15)
Scrolls
 d - a scroll of recharging
 f - 5 scrolls of fog
 v - a scroll of identify
 y - 2 scrolls of teleportation
 H - a scroll of immolation
 U - a scroll of noise {unknown}
 V - 2 scrolls of magic mapping
 Y - 3 scrolls of remove curse
Potions
 e - a potion of brilliance
 j - a potion of heal wounds
 n - 3 potions of agility
 t - a potion of resistance
 u - 2 potions of mutation
 z - 2 potions of degeneration {unknown}
 C - a potion of invisibility
 F - 4 potions of haste
 G - a potion of cancellation
 K - 2 potions of might {unknown}
 P - a potion of flight {unknown}
 R - 3 potions of berserk rage
 W - a potion of magic {unknown}
Comestibles
 h - 11 bread rations
 M - 6 meat rations


   Skills:
 - Level 6.9 Fighting
 - Level 12.5 Axes
 - Level 7.9 Armour
 + Level 3.4 Dodging
 - Level 2.4 Stealth
 - Level 9.6 Spellcasting
 - Level 3.0 Conjurations
 - Level 2.2 Hexes
 - Level 1.0 Charms
 - Level 12.2 Necromancy
 - Level 4.0 Fire Magic
 - Level 2.2 Air Magic
 - Level 8.2 Evocations


You had 18 spell levels left.
You knew the following spells:

 Your Spells              Type           Power        Failure   Level  Hunger
a - Pain                  Necr           ####         1%          1    None
c - Conjure Flame         Conj/Fire      #####...     1%          3    None
l - Shock                 Conj/Air       ####         1%          1    None
s - Swiftness             Chrm/Air       ####....     1%          2    None
v - Vampiric Draining     Necr           ######....   1%          3    None
x - Inner Flame           Hex/Fire       #####...     1%          3    None


Dungeon Overview and Level Annotations

Branches:
Dungeon (12/15)            Temple (1/1) D:5            Lair (6/6) D:9
 Spider (0/4) Lair:2        Slime (0/5) Lair:5
  Swamp: Lair:2-4    Shoals: Lair:2-4       Orc: D:9-12

Altars:
Ashenzari
Cheibriados
Dithmenos
Elyvilon
Fedhas
Gozag
Hepliaklqana
Kikubaaqudgha
Makhleb
Nemelex Xobeh
Okawaru
Qazlal
Ru
Sif Muna
Trog
Uskayaw
Vehumet
Yredelemnul
Zin
The Shining One
Jiyva

Shops:
D:11 [   Lair:2 =

Annotations:
D:3 pstr's ghost, amateur KoEE
D:9 exclusion: downstairs
D:12 Psyche


Innate Abilities, Weirdness & Mutations

You are resistant to damage.
You can heal yourself by infusing magical energy.
You passively map the area around you.
You do not regenerate.


Message History

Put on which piece of jewellery? (? for menu, Esc to quit)
Okay, then.
Okay, then.
Okay, then.
You turn into a tree.
Your +1 cloak melds into your body.
Your +0 helmet melds into your body.
Your +2 pair of gloves melds into your body.
Your +2 pair of boots melds into your body.
The +3 ring mail of the Gloaming {*Contam Dex+7} melds into your body.
Your roots penetrate the ground.
Okay, then.
You feel clever all of a sudden.
You block the white very ugly thing's attack.
You feel yourself speed up.
The green very ugly thing basks in the mutagenic energy from its kin and changes!
The white very ugly thing pecks you!
* * * LOW HITPOINT WARNING * * *
The white very ugly thing freezes you!!!
You die...
Your body crumbles into a pile of gold.

###########
#......uu.# #.
#......#♣.##. .
#......##....#.
#......#........
....................#
. .#.. uu.......#...#
......._.###.........#
.. ...uu###.###.....#
.... ....###.# ... .#
#.# #§.....# ....


You could see 2 very ugly things.

Vanquished Creatures
  A deep elf sorcerer (Abyss:2)
  A stone giant (D:10)
  Snorg (D:10)
  Josephine (D:10)
  Fannar (Lair:2)
  4 hydras
  Erica (D:10)
  6 two-headed ogres
  A sun demon (Volcano)
  2 thrashing horrors (Abyss:2)
  Sonja (D:10)
  Pikel (D:7)
  An orc sorcerer (Volcano)
  4 ugly things
  7 elephants
  Joseph (D:9)
  4 black mambas
  4 spiny frogs
  A torpor snail (Lair:3)
  5 komodo dragons
  An ancient zyme (Abyss:2)
  2 red devils (Volcano)
  2 trolls
  2 ice devils (Lair:4)
  A jumping spider (Lair:2)
  2 polar bears
  2 raiju (Abyss:2)
  9 blink frogs
  8 hippogriffs
  5 wraiths (D:10)
  A ynoxinul (Abyss:2)
  4 basilisks
  8 yaks
  2 hungry ghosts
  Edmund (D:5)
  14 water moccasins
  3 hell hounds
  2 porcupines (Lair:1)
  4 orc warriors
  2 sky beasts
  4 ice beasts
  2 large abominations (Abyss:2)
  4 slaves
  2 black bears (D:9)
  6 wolves
  5 ogres
  9 centaurs
  6 crocodiles
  A big kobold (D:10)
  6 bullfrogs
  A wyvern zombie (D:10)
  4 scorpions
  8 wights
  2 vampire bats (D:11)
  5 howler monkeys
  4 crimson imps
  2 centaur zombies
  4 hounds
  2 quasits
  3 small abominations (Abyss:2)
  A starcursed mass (Abyss:2)
  13 orc wizards
  2 centaur skeletons (D:10)
  2 bullfrog skeletons
  2 jellies (D:11)
  8 orc priests
  4 iguanas
  4 worker ants
  2 gnolls (D:4)
  4 adders
  5 shadow imps
  An ooze (D:6)
  3 adder skeletons
  4 dart slugs
  A leopard gecko (D:5)
  41 orcs
  14 bats
  6 giant cockroaches
  5 goblins
  3 hobgoblins (D:2)
  11 jackals
  8 kobolds
  5 quokkas
  2 ball pythons
  3 frilled lizards
  A jackal skeleton (D:4)
  2 rats
  A butterfly (Lair:2)
  2 fungi (Lair:6)
  26 plants
389 creatures vanquished.

Vanquished Creatures (others)
  A centaur (D:12)
  A bush (Lair:6)
  19 fungi
  4 plants
  7 starspawn tentacles (Abyss:2)
32 creatures vanquished.

Grand Total: 421 creatures vanquished

Notes
Turn   | Place    | Note
-------+----------+-------------------------------------------
     0 | D:1      | letownia2 the Deep Dwarf Necromancer began the quest for the Orb.
     0 | D:1      | Reached XP level 1. HP: 15/15 MP: 3/3
   325 | D:2      | Reached XP level 2. HP: 22/22 MP: 1/5
   848 | D:4      | Reached skill level 5 in Necromancy
   848 | D:4      | Reached XP level 3. HP: 15/28 MP: 0/6
   860 | D:3      | Learned a level 3 spell: Vampiric Draining
  1342 | D:4      | Reached skill level 1 in Fighting
  1342 | D:4      | Reached XP level 4. HP: 16/38 MP: 0/7
  1644 | D:3      | Noticed pstr's ghost (amateur KoEE)
  1924 | D:4      | Found a glowing golden altar of the Shining One.
  2228 | D:4      | Found a deep blue altar of Sif Muna.
  2287 | D:5      | Entered Level 5 of the Dungeon
  2293 | D:5      | Noticed a sky beast
  2306 | D:5      | Killed a sky beast
  2306 | D:5      | Reached XP level 5. HP: 35/44 MP: 0/9
  2400 | D:5      | Noticed Edmund
  2510 | D:5      | Found a staircase to the Ecumenical Temple.
  2520 | Temple   | Entered the Ecumenical Temple
  2660 | Temple   | Became a worshipper of Gozag Ym Sagoz the Greedy
  2848 | D:5      | Reached XP level 6. HP: 46/51 MP: 10/10
  3231 | D:3      | Found a radiant altar of Vehumet.
  3231 | D:3      | Found a sacrificial altar of Ru.
  4480 | D:4      | Reached skill level 1 in Evocations
  4568 | D:5      | Noticed an ice beast
  4582 | D:5      | Killed an ice beast
  4582 | D:5      | Reached XP level 7. HP: 46/57 MP: 1/12
  5634 | D:7      | Found a stormy altar of Qazlal.
  5638 | D:7      | Found a hazy altar of Hepliaklqana.
  5639 | D:7      | Found a white marble altar of Elyvilon.
  5640 | D:7      | Found a snail-covered altar of Cheibriados.
  5642 | D:7      | Found a basalt altar of Yredelemnul.
  5643 | D:7      | Found a glowing silver altar of Zin.
  6162 | D:5      | Killed Edmund
  6470 | D:7      | Reached skill level 5 in Spellcasting
  6480 | D:7      | Reached XP level 8. HP: 41/64 MP: 0/16
  6482 | D:7      | Found a shadowy altar of Dithmenos.
  6531 | D:7      | Got a scorched silver ring
  7180 | D:7      | Noticed Pikel
  7300 | D:8      | Noticed a two-headed ogre
  7318 | D:8      | Killed a two-headed ogre
  7318 | D:8      | Gained mutation: You passively map the area around you. [Deep Dwarf growth]
  7318 | D:8      | Reached XP level 9. HP: 65/70 MP: 1/19
  7375 | D:8      | Identified the Compendium of Ashen Lightness
  7425 | D:8      | Noticed a troll
  7437 | D:8      | Killed a troll
  7437 | D:8      | Reached skill level 5 in Evocations
  7443 | D:8      | Identified the ring "Hoitas" {rPois rC- Str+7 Slay+6 Stlth-} (You found it on level 7 of the Dungeon)
  7450 | D:8      | Learned a level 2 spell: Swiftness
  7452 | D:8      | Learned a level 1 spell: Shock
  7539 | D:8      | Noticed a two-headed ogre
  7638 | D:8      | Found a hide-covered altar of Uskayaw.
  7655 | D:7      | Killed Pikel
  7914 | D:9      | Noticed Joseph
  7939 | D:9      | Killed Joseph
  8119 | D:9      | Reached skill level 1 in Armour
  8119 | D:9      | Reached XP level 10. HP: 75/79 MP: 23/23
  8203 | D:9      | Noticed an elephant
  8351 | D:8      | Found an iron altar of Okawaru.
  8584 | D:9      | Found a staircase to the Lair.
  8584 | D:9      | Noticed a two-headed ogre
  8603 | D:9      | Killed a two-headed ogre
  8603 | D:9      | Reached skill level 10 in Necromancy
  8658 | D:9      | Killed an elephant
  8862 | D:10     | Entered Level 10 of the Dungeon
  8921 | D:10     | Noticed a two-headed ogre
  8944 | D:10     | Killed a two-headed ogre
  8944 | D:10     | Reached skill level 5 in Fighting
  8995 | D:10     | Noticed Sonja
  9002 | D:10     | Killed Sonja
  9002 | D:10     | Reached skill level 1 in Axes
  9032 | D:10     | Noticed a stone giant
  9059 | D:10     | Noticed a two-headed ogre
  9060 | D:10     | Noticed Snorg
  9252 | Lair:1   | Entered Level 1 of the Lair of Beasts
  9302 | Lair:1   | Reached XP level 11. HP: 86/97 MP: 15/24
  9497 | Lair:2   | Bought the ring "Pelun" {+Inv rF+ rC+ rN+} for 624 gold pieces
  9666 | Lair:2   | Noticed Fannar
  9672 | Lair:2   | Found a dark tunnel.
  9689 | Lair:2   | Killed Fannar
  9895 | Lair:2   | Found a hole to the Spider Nest.
  9896 | Lair:2   | Noticed a wolf spider
  9950 | Volcano  | Entered a volcano
  9971 | Volcano  | Noticed a red ugly thing
  9985 | Volcano  | Killed a red ugly thing
 10055 | Volcano  | Noticed a red ugly thing
 10056 | Volcano  | Noticed a sun demon
 10079 | Volcano  | Killed a red ugly thing
 10125 | Volcano  | Killed a sun demon
 10205 | Volcano  | Noticed an orc sorcerer
 10213 | Volcano  | Killed an orc sorcerer
 10314 | Volcano  | Noticed a red ugly thing
 10323 | Volcano  | Killed a red ugly thing
 10427 | Volcano  | Learned a level 3 spell: Conjure Flame
 10431 | Volcano  | Learned a level 3 spell: Inner Flame
 10696 | D:8      | Killed a two-headed ogre
 10696 | D:8      | Reached skill level 1 in Conjurations
 10696 | D:8      | Reached skill level 1 in Fire Magic
 10818 | D:8      | Noticed a two-headed ogre
 10834 | D:8      | Killed a two-headed ogre
 10834 | D:8      | Reached skill level 1 in Hexes
 10834 | D:8      | Reached skill level 1 in Charms
 10834 | D:8      | Reached skill level 1 in Air Magic
 11062 | Lair:3   | Reached XP level 12. HP: 65/106 MP: 1/25
 11224 | Lair:3   | Noticed an eight-headed hydra
 11233 | Lair:3   | Got an encrusted hand axe
 11257 | Lair:3   | Identified the +5 hand axe "Jelly's Death Toll" {venom, Stlth+} (You found it on level 3 of the Lair of Beasts)
 11718 | Lair:3   | Reached skill level 5 in Axes
 11774 | Lair:3   | Killed an eight-headed hydra
 11899 | Lair:4   | Found a frozen archway.
 12423 | Lair:4   | Reached skill level 5 in Armour
 12478 | Lair:5   | Found a viscous altar of Jiyva.
 12478 | Lair:5   | Found a staircase to the Slime Pits.
 12694 | Lair:6   | Entered Level 6 of the Lair of Beasts
 13053 | Lair:6   | Noticed a five-headed hydra
 13053 | Lair:6   | Noticed a seven-headed hydra
 13087 | Lair:6   | Killed a three-headed hydra
 13141 | Lair:6   | Killed a six-headed hydra
 13471 | Lair:6   | Noticed an anaconda
 13540 | Lair:6   | Noticed a four-headed hydra
 13555 | Lair:6   | Killed a one-headed hydra
 13555 | Lair:6   | Reached XP level 13. HP: 63/114 MP: 11/26
 13760 | Lair:6   | Reached skill level 10 in Axes
 14113 | D:10     | Noticed Josephine
 14133 | D:10     | Killed Josephine
 14566 | D:10     | Noticed Erica
 14583 | D:10     | Killed Erica
 14708 | D:10     | Killed a stone giant
 15124 | D:10     | Killed Snorg
 16069 | D:11     | Found Ehiamof's Armour Shop.
 16740 | D:12     | Noticed Psyche
 16745 | D:12     | Cast into level 2 of the Abyss (Psyche)
 16801 | Abyss:2  | Noticed a tentacled starspawn
 16808 | Abyss:2  | Noticed a deep elf sorcerer
 16825 | Abyss:2  | Killed a deep elf sorcerer
 16974 | Abyss:2  | Got a jewelled ring mail
 16984 | Abyss:2  | Noticed a starcursed mass
 17046 | Abyss:2  | Identified the +3 ring mail of the Gloaming {*Contam Dex+7} (You found it on level 2 of the Abyss)
 17173 | Abyss:2  | Noticed a tentacled starspawn
 17291 | Abyss:2  | Noticed a tentacled starspawn
 17302 | Abyss:2  | Found a corrupted altar of Lugonu.
 17313 | Abyss:2  | Noticed a white very ugly thing
 17313 | Abyss:2  | Noticed a white very ugly thing
 17313 | Abyss:2  | Noticed a white very ugly thing
 17313 | Abyss:2  | Noticed a white very ugly thing
 17321 | Abyss:2  | Mangled by a white very ugly thing

Skill      XL: |  1  2  3  4  5  6  7  8  9 10 11 12 13 |
---------------+----------------------------------------+-----
Spellcasting   | 2 3 5 7 9 |  9.6
Necromancy     | 5 6 7 9 11 12 | 12.2
Fighting       | 1 5 6 |  6.9
Evocations     | 2 4 5 8 |  8.2
Armour         | 1 2 5 7 |  7.9
Axes           | 1 4 9 12 | 12.5
Conjurations   | 2 3 |  3.0
Fire Magic     | 2 4 |  4.0
Hexes          | 1 2 |  2.2
Charms         | 1 |  1.0
Air Magic      | 1 2 |  2.2
Dodging        | 3 |  3.4
Stealth        | |  2.4

Action                   |  1- 3 |  4- 6 |  7- 9 | 10-12 | 13-15 || total
-------------------------+-------+-------+-------+-------+-------++-------
Melee: Dagger            |    19 |       |       |    13 |       ||    32
       Short sword       |       |    62 |   226 |   106 |       ||   394
       Staff             |       |       |       |    18 |       ||    18
       Broad axe         |       |       |       |    64 |    78 ||   142
       Trident           |       |       |       |    41 |       ||    41
       Hand axe          |       |       |       |    95 |   376 ||   471
Throw: Javelin           |       |       |     9 |     8 |     2 ||    19
 Cast: Pain              |    35 |    65 |    19 |    22 |       ||   141
       Vampiric Draining |     7 |    22 |    62 |   182 |    72 ||   345
       Shock             |       |       |       |     3 |       ||     3
       Conjure Flame     |       |       |       |    27 |     3 ||    30
Invok: Call Merchant     |       |       |       |     1 |       ||     1
Evoke: Wand              |       |       |     6 |    27 |     5 ||    38
  Use: Scroll            |     2 |     4 |     4 |     6 |     9 ||    25
       Potion            |       |       |       |       |    16 ||    16
 Stab: Sleeping          |     1 |       |     1 |       |       ||     2
       Paralysed         |       |       |    16 |    19 |     1 ||    36
       Distracted        |       |       |       |     1 |     1 ||     2
  Eat: Chunk             |     2 |     7 |     5 |       |       ||    14
       Meat ration       |       |     1 |     1 |     1 |     1 ||     4
       Royal jelly       |       |       |     2 |     2 |     2 ||     6
       Fruit             |       |       |     1 |    13 |     4 ||    18
Armor: Robe              |     1 |       |       |       |       ||     1
       Ring mail         |     7 |    35 |    85 |       |     8 ||   135
       Scale mail        |       |       |    36 |   144 |    17 ||   197
       Leather armour    |       |       |       |     1 |       ||     1
       Plate armour      |       |       |       |       |   146 ||   146
Dodge: Dodged            |    20 |    53 |   140 |   212 |   120 ||   545
Block: Other             |       |       |    27 |   152 |   113 ||   292
       Reflection        |       |       |     3 |     6 |     5 ||    14
